 Dungeon Crawl Stone Soup version 0.17-a0-1767-gccbed74 (webtiles) character file.

2659 abixa the Cleaver (level 9, -1/79 HPs)
             Began as a Naga Wizard on Sept 6, 2015.
             Was a Believer of Makhleb.
             Slain by an orc
             ... wielding a +0 halberd
              (5 damage)
             ... in a bailey.
             The game lasted 00:37:53 (10400 turns).

abixa the Cleaver (Naga Wizard)                    Turns: 10400, Time: 00:37:53

Health: -1/79      AC:  7    Str: 10    XL:     9   Next: 63%
Magic:  13/13      EV:  8    Int: 25    God:    Makhleb [**....]
Gold:   309        SH:  0    Dex:  9    Spells: 4 memorised, 6 levels left

rFire  . . .     SeeInvis +     A - +0 battleaxe
rCold  . . .     Clarity  .     I - +0 ring mail
rNeg   . . .     SustAt   +     (no shield)
rPois  +         Gourm    .     R - +0 helmet
rElec  .         Spirit   .     z - +0 cloak
rCorr  .         Warding  .     (no gloves)
rMut   +         Stasis   .     (no barding)
MR     +....                    H - amulet of resist mutation
Stlth  +.........               S - +3 ring of intelligence
                                n - ring of sustain attributes

@: very slow, somewhat resistant to hostile enchantments, very unstealthy
A: see invisible, deformed body, poison resistance, slowness 2, slow metabolism
1, spit poison 2, AC +3
a: Spit Poison, Minor Destruction, Renounce Religion


You were in a bailey.
You worshipped Makhleb.
Makhleb was pleased with you.
You were hungry.

You visited 1 branch of the dungeon, and saw 8 of its levels.
You also visited: Bailey.

You collected 309 gold pieces.

Inventory:

Hand weapons
 x - a +0 halberd
 y - a +3 quarterstaff of chaos
 A - a +0 battleaxe (weapon)
 B - a +0 hammer of protection
 N - a +0 hunting sling
Missiles
 e - 10 poisoned needles
 h - 284 stones (quivered)
 j - 108 arrows
 l - 7 javelins
 w - a throwing net
 K - 11 arrows of dispersal
 T - 22 sling bullets
Armour
 m - a +0 leather armour
 z - a +0 cloak (worn)
 I - a +0 ring mail (worn)
 P - a +2 robe of positive energy
 R - a +0 helmet (worn)
Jewellery
 n - a ring of sustain attributes (left hand)
 H - an amulet of resist mutation (around neck)
 S - a +3 ring of intelligence (right hand)
Magical devices
 r - a wand of slowing (35)
 U - a wand of draining (5)
Scrolls
 i - 3 scrolls of remove curse
 t - a scroll of teleportation
 v - a scroll of amnesia {unknown}
 E - a scroll of blinking {unknown}
 F - 2 scrolls of recharging
 G - 2 scrolls of immolation
 L - a scroll of fear {unknown}
 M - a scroll of enchant weapon {unknown}
 Q - a scroll of fog {unknown}
 V - a scroll of torment {unknown}
Potions
 a - a potion of beneficial mutation {unknown}
 f - a potion of lignification {unknown}
 o - a potion of magic {unknown}
 p - 2 potions of flight
 C - a potion of heal wounds {unknown}
 D - a potion of degeneration {unknown}
 O - 4 potions of curing {unknown}
Books
 c - a book of Minor Magic

   Spells                             Type                      Level
   a - Magic Dart                     Conjuration                  1
   b - Blink                          Translocation                2
   c - Call Imp                       Summoning                    2
   d - Repel Missiles                 Charms/Air                   2
   e - Slow                           Hexes                        2
   f - Conjure Flame                  Conjuration/Fire             3
   g - Mephitic Cloud                 Conjuration/Poison/Air       3
Comestibles
 b - 2 slices of pizza
 d - 8 bread rations
 k - 4 beef jerkies
 s - 5 meat rations
 J - a royal jelly


   Skills:
 - Level 4.6 Fighting
 + Level 8.9 Axes
 - Level 1.5 Dodging
 - Level 3.0 Stealth
 - Level 3.0 Spellcasting
 - Level 6.0 Conjurations
   Level 1.0 Summonings
 - Level 5.0 Translocations


You had 6 spell levels left.
You knew the following spells:

 Your Spells              Type           Power        Failure   Level  Hunger
a - Magic Dart            Conj           ####         2%          1    None
b - Blink                 Tloc           N/A          6%          2    ##.....
c - Conjure Flame         Conj/Fire      ###.....     24%         3    ###....
d - Repel Missiles        Chrm/Air       #.....       43%         2    ##.....


Dungeon Overview and Level Annotations

Branches:
Dungeon (8/15)
 Temple: D:4-7         Lair: D:8-11

Altars:
Ashenzari
Fedhas
Gozag
Kikubaaqudgha
Makhleb
Qazlal
Ru
Vehumet
Xom
Yredelemnul
The Shining One

Annotations:
D:7 Rayvis's ghost, experienced MiFi


Innate Abilities, Weirdness & Mutations

You cannot wear boots.
Your serpentine skin is tough (AC +3).
You have supernaturally acute eyesight.
Armour fits poorly on your strangely shaped body.
Your system is resistant to poisons.
You cover ground very slowly.
You have a slow metabolism.
You can spit poison.


Message History

The orc hits you but does no damage.
You hit the orc.
The orc is severely wounded.
You hit the orc.
The orc is almost dead.
The orc hits you from afar with a trident.
* * * LOW HITPOINT WARNING * * *
The orc hits you but does no damage. The orc barely misses you.
The orc hits you with a trident!
* * * LOW HITPOINT WARNING * * *
The orc closely misses you.
The orc hits you from afar with a trident.
* * * LOW HITPOINT WARNING * * *
You completely miss the orc.
The orc is severely wounded.
You slash the orc!
You kill the orc!
Makhleb accepts your kill.
The orc hits you from afar with a halberd.
You die...

#######
##..∩..##
#.).)...#
#∩))@).∩#
#..))o..#
#..ooo..#
#.......#
#.......#
#.......#
#.......#
#.......#
#.o.....#


You could see 4 orcs.

Vanquished Creatures
  Grinder (D:5)
  A water moccasin (D:6)
  2 sky beasts
  2 ogres
  3 orc warriors
  An ice beast (D:6)
  A centaur (D:6)
  A giant frog (D:7)
  Blork the orc (D:5)
  3 scorpions
  3 crimson imps
  A jelly (D:8)
  3 hounds
  6 orc wizards
  Crazy Yiuf (D:2)
  7 orc priests
  2 centaur skeletons
  3 iguanas
  8 worker ants
  Robin (D:4)
  9 adders
  7 gnolls
  2 oozes
  An adder skeleton (D:4)
  4 worms
  2 giant geckos
  25 orcs
  2 ball pythons
  9 bats
  7 giant cockroaches
  17 goblins
  14 hobgoblins
  17 jackals
  A giant cockroach zombie (D:6)
  2 giant gecko skeletons
  8 giant newts
  5 kobolds
  5 quokkas
  A quokka zombie (D:5)
  11 rats
  2 plants (D:2)
202 creatures vanquished.

Vanquished Creatures (collateral kills)
  A jackal (D:7)
1 creature vanquished.

Vanquished Creatures (others)
  A bush (D:2)
  A plant (D:2)
  4 toadstools (D:1)
6 creatures vanquished.

Grand Total: 209 creatures vanquished

Notes
Turn   | Place    | Note
--------------------------------------------------------------
     0 | D:1      | abixa the Naga Wizard began the quest for the Orb.
     0 | D:1      | Reached XP level 1. HP: 15/15 MP: 4/4
   391 | D:1      | Reached XP level 2. HP: 13/22 MP: 0/6
  1051 | D:1      | Reached XP level 3. HP: 28/28 MP: 3/7
  2113 | D:2      | Reached XP level 4. HP: 36/36 MP: 3/8
  2409 | D:2      | Reached skill level 4 in Conjurations
  3010 | D:2      | Noticed Crazy Yiuf
  3029 | D:2      | Killed Crazy Yiuf
  3029 | D:2      | Reached XP level 5. HP: 10/42 MP: 0/9
  3311 | D:2      | Reached skill level 5 in Conjurations
  4830 | D:3      | Reached XP level 6. HP: 49/49 MP: 5/10
  4872 | D:3      | Learned a level 2 spell: Blink
  4876 | D:3      | Learned a level 3 spell: Conjure Flame
  4879 | D:3      | Learned a level 2 spell: Repel Missiles
  4915 | D:3      | Reached skill level 6 in Conjurations
  4993 | D:3      | Found a shattered altar of Ashenzari.
  5774 | D:3      | Reached XP level 7. HP: 55/55 MP: 8/11
  6172 | D:4      | Found a sacrificial altar of Ru.
  6244 | D:4      | Found a basalt altar of Yredelemnul.
  6359 | D:4      | Found a shimmering altar of Xom.
  6633 | D:4      | Noticed Robin
  6637 | D:4      | Killed Robin
  6846 | D:4      | Found a burning altar of Makhleb.
  6855 | D:4      | Reached skill level 5 in Translocations
  6928 | D:4      | Became a worshipper of Makhleb the Destroyer
  7140 | D:4      | Reached skill level 1 in Axes
  7333 | D:4      | Found a stormy altar of Qazlal.
  7380 | D:4      | Found an opulent altar of Gozag.
  7423 | D:4      | Found a shattered altar of Ashenzari.
  7426 | D:4      | Found an ancient bone altar of Kikubaaqudgha.
  7427 | D:4      | Found a glowing golden altar of the Shining One.
  7573 | D:5      | Entered Level 5 of the Dungeon
  7925 | D:5      | Reached XP level 8. HP: 62/62 MP: 12/12
  8035 | D:5      | Noticed Grinder
  8053 | D:5      | Killed Grinder
  8053 | D:5      | Reached skill level 5 in Axes
  8210 | D:5      | Noticed Blork the orc
  8220 | D:5      | Killed Blork the orc
  8437 | D:6      | Acquired Makhleb's first power
  8569 | D:6      | Reached skill level 7 in Axes
  8613 | D:6      | Reached skill level 1 in Fighting
  8647 | D:6      | Reached XP level 9. HP: 70/73 MP: 9/13
  9155 | D:6      | Found a radiant altar of Vehumet.
  9539 | D:6      | Reached skill level 8 in Axes
 10152 | D:7      | Acquired Makhleb's second power
 10160 | D:7      | Found a blossoming altar of Fedhas.
 10233 | D:7      | Noticed Rayvis's ghost (experienced MiFi)
 10293 | D:8      | Found a flagged portal.
 10379 | Bailey   | Entered a bailey
 10400 | Bailey   | Slain by an orc

Vault maps used:
D:1:      ldierk_water_garden, lemuel_old_faithful
D:2:      first_bread, serial_forest, infiniplex_forest_lined_1,
          infiniplex_forest_corner_1, infiniplex_forest_clump_medium,
          infiniplex_forest_lined_4_way, infiniplex_forest_end_3,
          infiniplex_forest_lined_room_2, infiniplex_forest_end_double,
          infiniplex_forest_clump_C, infiniplex_forest_clump_large,
          uniq_crazy_yiuf_cottage
D:3:      evilmike_ruin_ashenzari
D:4:      overflow_temple_1_default, nicolae_overflow_crystal_walls,
          makhleb_grotto_becter, nicolae_overflow_hidden_temple,
          lemuel_doored_altar, nrook_mini_backslash, uniq_robin
D:5:      uniq_grinder, uniq_blork_the_orc
D:6:      kennysheep_mini_moat
D:7:      fedhas_altar_4, minmay_temple_entry_enclosed_plants, uniq_joseph
D:8:      enter_bailey_7
Bailey:   bailey_polearm_5, bailey

Action                   |  1- 3 |  4- 6 |  7- 9 || total
-------------------------+-------+-------+-------++-------
Melee: Unarmed           |    95 |       |       ||    95
       Spear             |       |    20 |       ||    20
       Hammer            |       |   396 |    79 ||   475
       Quarterstaff      |       |       |   113 ||   113
       Battleaxe         |       |       |     8 ||     8
 Cast: Magic Dart        |    70 |   135 |   165 ||   370
       Blink             |       |       |     1 ||     1
 Abil: Spit Poison       |     7 |    23 |    52 ||    82
  Use: Scroll            |       |       |     8 ||     8
 Stab: Sleeping          |       |     2 |     1 ||     3
       Confused          |       |       |     1 ||     1
  Eat: Chunk             |     2 |    12 |    14 ||    28
